 Dungeon Crawl Stone Soup version 0.28-b1-25-g9875b3fc8c (webtiles) character file.

Game seed: 5273624128152005164

2813 vvl the Stinger (level 9, -2/67 HPs)
             Began as a Demonspawn Venom Mage on Feb 3, 2022.
             Was a Follower of Makhleb.
             Slain by a meliai zombie (6 damage)
             ... on level 8 of the Dungeon.
             The game lasted 00:22:46 (10004 turns).

vvl the Stinger (Demonspawn Venom Mage)            Turns: 10004, Time: 00:22:46

Health: -2/67      AC:  6    Str:  9    XL:     9   Next: 44%
Magic:  15/16      EV: 14    Int: 20    God:    Makhleb [*.....]
Gold:   307        SH:  9    Dex: 14    Spells: 12/17 levels left

rFire   . . .      SeeInvis .   o - +5 scythe (flame)
rCold   . . .      Faith    .   (shield currently unavailable)
rNeg    . . .      Spirit   .   s - +0 robe {Will+}
rPois   .          Reflect  +   d - +0 helmet
rElec   .          Harm     .   u - +0 cloak
rCorr   +          Rampage  .   (no gloves)
Will    +....                   v - +1 pair of boots
Stlth   ++........              z - amulet of reflection
HPRegen 0.21/turn               w - ring of resist corrosion
MPRegen 0.15/turn               (no ring)

@: no status effects
A: powered by death 2, condensation shield, demonic touch 2
a: Renounce Religion


You were on level 8 of the Dungeon.
You worshipped Makhleb.
Makhleb was aware of your devotion.
You visited 2 branches of the dungeon, and saw 9 of its levels.

You collected 307 gold pieces.

Inventory:

Hand Weapons
 k - a +4 whip
 o - a +5 scythe of flaming (weapon)
 p - a +2 antimagic spear
 q - a +2 dagger of venom
 r - a +3 battleaxe of freezing
Armour
 d - a +0 helmet (worn)
 s - a +0 robe of willpower (worn)
 u - a +0 cloak (worn)
 v - a +1 pair of boots (worn)
 B - +0 steam dragon scales
Jewellery
 w - a ring of resist corrosion (left hand)
 z - an amulet of reflection (around neck)
Scrolls
 a - a scroll of holy word {unknown}
 b - 4 scrolls of teleportation {unknown}
 g - 3 scrolls of vulnerability {unknown}
 h - 3 scrolls of fear {unknown}
 i - 6 scrolls of identify {unknown}
 n - a scroll of blinking {unknown}
 t - a scroll of noise {unknown}
 y - a scroll of amnesia {unknown}
 A - a scroll of magic mapping {unknown}
Potions
 c - 2 potions of curing
 e - 3 potions of heal wounds
 f - 4 potions of attraction {unknown}
 j - 3 potions of lignification {unknown}
 l - a potion of might {unknown}
 m - a potion of cancellation {unknown}
 x - 2 potions of brilliance {unknown}


   Skills:
 + Level 4.8 Fighting
 - Level 4.0 Armour
 + Level 4.8 Dodging
 - Level 2.0 Stealth
 + Level 4.9 Spellcasting
 + Level 4.4 Transmutations
 + Level 7.6 Poison Magic


You had 12 spell levels left.
You knew the following spells:

 Your Spells              Type           Power      Damage    Failure   Level
a - Sting                 Tmut/Pois      100%       1d8       1%          1
b - Olgreb's Toxic Radia  Pois           35%        N/A       4%          4

Your spell library contained the following spells:

 Spells                   Type           Power      Damage    Failure   Level
 Beastly Appendage        Tmut           44%        N/A       1%          1
 Wereblood                Tmut           22%        N/A       2%          2
 Poisonous Vapours        Pois/Air       40%        N/A       3%          2
 Spider Form              Tmut/Pois      29%        N/A       3%          3
 Mephitic Cloud           Conj/Pois/Air  15%        N/A       12%         3
 Dazzling Flash           Conj/Hex       8%         N/A       34%         3
 Gell's Gravitas          Tloc           4%         N/A       34%         3
 Teleport Other           Tloc           4%         N/A       34%         3
 Iskenderun's Mystic Bla  Conj/Tloc      4%         2d3       75%         4
 Dispersal                Tloc           2%         N/A       100%        6
 Starburst                Conj/Fire      2%         6d3       100%        6


Dungeon Overview and Level Annotations

Branches:
Dungeon (8/15)             Temple (1/1) D:4
   Lair: D:8-11

Altars:
Ashenzari
Cheibriados
Dithmenos
Elyvilon
Fedhas
Gozag
Hepliaklqana
Kikubaaqudgha
Makhleb
Nemelex Xobeh
Okawaru
Qazlal
Ru
Sif Muna
Trog
Uskayaw
Vehumet
Wu Jian
Xom
Yredelemnul
Zin
The Shining One


Innate Abilities, Weirdness & Mutations

You regenerate health from kills.
A meltable shield of frost defends you. (SH +4)
Your touch may inflict irresistible damage on your foes.


Message History

You block the meliai zombie's attack. The meliai zombie closely misses you.
The meliai zombie hits you.
The meliai zombie hits you but does no damage.
You block the meliai zombie's attack. The meliai zombie misses you.
Unknown command.
You barely miss the meliai zombie.
The meliai zombie is heavily damaged.
The meliai zombie barely misses you. The meliai zombie misses you.
The meliai zombie hits you but does no damage.
The meliai zombie hits you! x2; You block the meliai zombie's attack.
The meliai zombie hits you. x2
* * * LOW HITPOINT WARNING * * *
You are too injured to fight recklessly!
Unknown command.
You are too injured to fight recklessly!
Unknown command.
You are too injured to fight recklessly!
You barely miss the meliai zombie.
The meliai zombie is heavily damaged.
The meliai zombie closely misses you. The meliai zombie misses you. x2
You block the meliai zombie's attack. x2; The meliai zombie barely misses you.
The meliai zombie hits you.
* * * LOW HITPOINT WARNING * * *
You block the meliai zombie's attack.
You slash the meliai zombie! You burn the meliai zombie.
The meliai zombie is almost destroyed.
The meliai zombie misses you. The meliai zombie hits you.
* * * LOW HITPOINT WARNING * * *
The meliai zombie misses you. The meliai zombie barely misses you. x3
You hit the meliai zombie. You burn the meliai zombie.
The meliai zombie is almost destroyed.
The meliai zombie closely misses you.
The meliai zombie hits you but does no damage.
The meliai zombie hits you!
* * * LOW HITPOINT WARNING * * *
You block the meliai zombie's attack. The meliai zombie barely misses you.
You block the meliai zombie's attack. The meliai zombie hits you.
* * * LOW HITPOINT WARNING * * *
The meliai zombie hits you.
You die...

#.# #.# ... #
##.##.#...
######.........
#.......##
..##...).##
...#...<...#
#....Z@...#
###............
#......##.##.
#.........#
......
#.........#
...<..
#............
......
#..#..........
....?.
..###.....?#..
......


You could see a meliai zombie.

Vanquished Creatures
  Maggie (D:8)
  Sigmund (D:4)
  2 water moccasins (D:7)
  2 orc warriors
  An ice beast (D:6)
  A sky beast (D:6)
  2 ogres (D:5)
  2 necrophages
  A centaur (D:7)
  2 phantoms (D:6)
  A bullfrog (D:7)
  5 scorpions
  Blork the orc (D:4)
  A bullfrog zombie (D:5)
  3 hounds
  3 orc priests
  A centaur skeleton (D:7)
  2 jellies
  A bullfrog skeleton (D:4)
  7 orc wizards
  3 iguanas
  3 gnolls (D:5)
  A howler monkey skeleton (D:4)
  7 adders
  4 shadow imps
  2 white imps
  An ufetubus (D:5)
  2 worms
  3 dart slugs
  21 orcs
  5 ball pythons
  3 bats
  5 endoplasms
  6 giant cockroaches
  9 goblins
  6 hobgoblins
  4 jackals (D:5)
  2 kobolds (D:3)
  5 quokkas
  3 frilled lizards
  4 rats
139 creatures vanquished.

Notes
Turn   | Place    | Note
-------+----------+-------------------------------------------
     0 | D:1      | vvl the Demonspawn Venom Mage began the quest for the Orb.
     0 | D:1      | Reached XP level 1. HP: 13/13 MP: 3/3
   492 | D:1      | Reached skill level 1 in Transmutations
   574 | D:1      | Gained mutation: Your touch may inflict minor irresistible
                  | damage on your foes. [demonic ancestry]
   574 | D:1      | Reached XP level 2. HP: 10/19 MP: 0/5
  1415 | D:2      | Gained mutation: Your touch may inflict irresistible damage
                  | on your foes. [demonic ancestry]
  1415 | D:2      | Reached XP level 3. HP: 15/25 MP: 0/6
  1790 | D:2      | Found a faded altar of an unknown god.
  3005 | D:3      | Gained mutation: A meltable shield of frost defends you.
                  | (SH +4) [demonic ancestry]
  3005 | D:3      | Reached XP level 4. HP: 30/31 MP: 7/7
  3115 | D:3      | Reached skill level 1 in Fighting
  3115 | D:3      | Reached skill level 1 in Armour
  3607 | D:4      | Noticed a scorpion
  3609 | D:4      | Noticed Blork the orc
  3617 | D:4      | Killed a scorpion
  3618 | D:4      | Reached skill level 4 in Poison Magic
  3618 | D:4      | Reached XP level 5. HP: 37/37 MP: 4/8
  3743 | D:4      | Noticed a necrophage
  3795 | D:4      | Found a staircase to the Ecumenical Temple.
  3798 | D:4      | Noticed Sigmund
  3805 | Temple   | Entered the Ecumenical Temple
  4063 | Temple   | Became a worshipper of Makhleb the Destroyer
  4115 | D:4      | Killed Sigmund
  4116 | D:4      | Reached XP level 6. HP: 25/44 MP: 7/10
  4424 | D:4      | Killed Blork the orc
  4518 | D:4      | Reached skill level 5 in Poison Magic
  4518 | D:4      | Gained mutation: You regenerate a little health from kills.
                  | [demonic ancestry]
  4518 | D:4      | Reached XP level 7. HP: 51/51 MP: 11/11
  5506 | D:5      | Entered Level 5 of the Dungeon
  6165 | D:5      | Reached XP level 8. HP: 58/58 MP: 13/13
  6257 | D:5      | Reached * piety under Makhleb
  6258 | D:5      | Reached skill level 6 in Poison Magic
  7929 | D:6      | Gained mutation: You regenerate health from kills. [demonic
                  | ancestry]
  7929 | D:6      | Reached XP level 9. HP: 62/65 MP: 9/15
  8143 | D:7      | Reached skill level 7 in Poison Magic
  8304 | D:7      | Learned a level 4 spell: Olgreb's Toxic Radiance
  9942 | D:8      | Noticed Maggie
  9957 | D:8      | Killed Maggie
 10004 | D:8      | Slain by a meliai zombie

Illustrated notes

Levels and vault maps discovered:
D:1:      dpeg_arrival_erosion, layout_basic
D:2:      layout_basic, shapermc_ecumenical_altar_ellora,
          chequers_serial_rivers_micro_e
D:3:      layout_basic, amethyst_killhole, minmay_misc_feat_alley,
          mrwooster_statue_mirror, chequers_serial_rivers_room_b
D:4:      cheibrodos_helix_gallery, layout_basic, temple_fountains,
          minmay_misc_feat_columns, minmay_goblin_kobold_house,
          uniq_blork_the_orc, uniq_sigmund
D:5:      layout_loops_ring, gup_sewer_entry_glass, minmay_misc_feat_ornament
D:6:      layout_rooms
D:7:      layout_loops_corners, zin_statuary, minmay_misc_feat_square,
          glass_columns_b
D:8:      layout_rooms, hellmonk_guarded_unrand_lears, uniq_maggie
Temple:   mainiacjoe_temple_archimedes_tessellation

Skill      XL: |  1  2  3  4  5  6  7  8  9 |
---------------+----------------------------+-----
Transmutations | 1 2 3 4 |  4.4
Dodging        | 2 3 4 |  4.8
Stealth        | 2 |  2.0
Fighting       | 1 2 3 4 |  4.8
Armour         | 1 2 3 4 |  4.0
Poison Magic   | 4 5 6 7 |  7.6
Spellcasting   | 3 4 |  4.9

Action                   |  1- 3 |  4- 6 |  7- 9 || total
-------------------------+-------+-------+-------++-------
Melee: Unarmed           |    21 |       |       ||    21
       Touch             |     3 |     3 |       ||     6
       Whip              |     4 |    11 |       ||    15
       Punch             |     1 |       |       ||     1
       Scythe            |       |    12 |   123 ||   135
 Cast: Sting             |    60 |    45 |   186 ||   291
       Olgreb's Toxic Ra |       |       |     2 ||     2
  Use: Potion            |       |     1 |     1 ||     2
 Stab: Sleeping          |       |       |     1 ||     1
Armor: Robe              |     9 |    10 |    76 ||    95
Dodge: Dodged            |    23 |    21 |   164 ||   208
Block: Other             |       |     6 |    73 ||    79
       Reflection        |       |       |     2 ||     2
